 Dungeon Crawl Stone Soup version 0.27-a0-78-g75406f0b48 (webtiles) character file.

Game seed: 14085057942318199330

201 dickylongcocking the Chopper (level 5, -3/42 HPs)
             Began as a Demonspawn Chaos Knight on Jan 14, 2021.
             Was a Plaything of Xom.
             Slain by a centaur (12 damage)
             ... on level 3 of the Dungeon.
             The game lasted 00:03:09 (2588 turns).

dickylongcocking the Chopper (DsCK)                 Turns: 2588, Time: 00:03:10

Health: -3/42      AC:  8    Str: 14    XL:     5   Next: 50%
Magic:  5/5        EV: 12    Int: 13    God:    Xom [..*...]
Gold:   93         SH:  0    Dex: 12    Spells: 4/4 levels left

rFire    . . .     SeeInvis .   a - +1 hand axe (chaos)
rCold    . . .     Faith    .   (no shield)
rNeg     . . .     Spirit   .   b - +2 leather armour
rPois    +         Reflect  .   (no helmet)
rElec    .         Harm     .   d - +0 cloak
rCorr    .         Rampage  .   o - +0 pair of gloves
Will     .....                  (no boots)
Stlth    +.........             (no amulet)
HPRegen  0.14/turn              (no ring)
MPRegen  0.09/turn              (no ring)

@: no status effects
A: poison resistance, powered by death 1, subdued magic 1, sharp scales 1
a: Renounce Religion


You were on level 3 of the Dungeon.
You worshipped Xom.
You were a toy of Xom.
You visited 1 branch of the dungeon, and saw 3 of its levels.

You collected 93 gold pieces.

Inventory:

Hand Weapons
 a - a +1 hand axe of chaos (weapon)
 k - a -3 dagger
Armour
 b - a +2 leather armour (worn)
 d - a +0 cloak (worn)
 o - a +0 pair of gloves (worn)
Scrolls
 f - 2 scrolls of magic mapping
 g - a scroll of random uselessness {unknown}
 l - 3 scrolls of remove curse
 m - a scroll of identify
 n - a scroll of enchant armour {unknown}
 p - a scroll of fog {unknown}
 r - 2 scrolls of teleportation {unknown}
 s - a scroll of blinking {unknown}
Potions
 c - 2 potions of mutation
 j - a potion of brilliance {unknown}


   Skills:
 + Level 3.9 Fighting
 + Level 4.2 Axes
 + Level 2.4 Armour
 + Level 1.8 Dodging
 + Level 1.5 Stealth


You had 4 spell levels left.
You didn't know any spells.
Your spell library was empty.

Dungeon Overview and Level Annotations

Branches:
Dungeon (3/15)

Altars:
Ashenzari
Dithmenos
Nemelex Xobeh
Uskayaw
Wu Jian


Innate Abilities, Weirdness & Mutations

You regenerate a little health from kills.
You are partially covered in razor-sharp scales. (AC +1, Slay +1)
Your system is resistant to poisons. (rPois)
Your spells are a little easier to cast, but a little less powerful.


Message History

You see here an arrow.
The centaur unwields a +0 shortbow.
The centaur closely misses you.
You completely miss the centaur. The centaur hits you.
You hit the centaur.
You feel better.
The centaur is lightly wounded.
The centaur hits you! The centaur hits you.
You hit the centaur.
The centaur seems to grow stronger.
The centaur is moderately wounded.
The centaur closely misses you.
You slash the centaur! You freeze the centaur.
The centaur is almost dead.
The centaur hits you.
* * * LOW HITPOINT WARNING * * *
The centaur closely misses you.
Unknown command.
Okay, then.
You hit the centaur. You burn the centaur.
The centaur is almost dead.
The centaur barely misses you. The centaur hits you!
You die...

# #.# #........###...#. ####
#######.####..###...# ......
##.###....)..........#...########
#...##..###...##.....#..........#
........# #...##.....#..####.....
#>..##..###.............# ######
.....#........#####..####
##.#.#.#####..#####((#
##.#.#..)()....c@.(..##
##......####)...........#
####.##.####)##########.#
.....##.##.....# #
#######.##.....# #.......##.....#
#.####.#.#.....# #.###.###......#
#.#..## ##.#####


You could see a centaur (strong).

Vanquished Creatures
  An orc wizard (D:3)
  An orc priest (D:3)
  A worker ant (D:3)
  5 adders
  An ooze (D:3)
  A worm (D:2)
  4 dart slugs
  3 leopard geckos
  4 orcs (D:3)
  3 giant cockroaches (D:1)
  8 goblins
  2 hobgoblins (D:1)
  7 kobolds
  2 quokkas
  7 bats
  2 frilled lizards (D:2)
  7 rats
59 creatures vanquished.

Notes
Turn   | Place    | Note
-------+----------+-------------------------------------------
     0 | D:1      | dickylongcocking the Demonspawn Chaos Knight began the
                  | quest for the Orb.
     0 | D:1      | Reached XP level 1. HP: 18/18 MP: 1/1
    73 | D:1      | Reached skill level 3 in Axes
   103 | D:1      | XOM: divination: detect creatures
   106 | D:1      | Found a broken altar of Ashenzari.
   138 | D:1      | XOM: potion effect (brilliance)
   140 | D:1      | Gained mutation: You are partially covered in razor-sharp
                  | scales. (AC +1, Slay +1) [demonic ancestry]
   140 | D:1      | Reached XP level 2. HP: 24/24 MP: 2/2
   331 | D:1      | XOM: silly message
   352 | D:1      | XOM: silly message
  1026 | D:1      | XOM: noise
  1039 | D:2      | Gained mutation: You regenerate a little health from kills.
                  | [demonic ancestry]
  1039 | D:2      | Reached XP level 3. HP: 27/29 MP: 3/3
  1113 | D:2      | Found a sparkling altar of Nemelex Xobeh.
  1223 | D:2      | XOM: noise
  1432 | D:2      | XOM: silly message
  1437 | D:2      | Reached skill level 1 in Dodging
  1504 | D:2      | Found a shadowy altar of Dithmenos.
  1505 | D:2      | Found a hide-covered altar of Uskayaw.
  1529 | D:2      | XOM: stat loss: -1 Int (12/13)
  1629 | D:2      | XOM: summons 2 hostile demons
  1682 | D:2      | XOM: god gift: war axe {god gift}
  1741 | D:2      | XOM: cloud trail
  2008 | D:3      | Gained mutation: Your spells are a little easier to cast,
                  | but a little less powerful. [potion of mutation]
  2008 | D:3      | Gained mutation: Your system is resistant to poisons.
                  | (rPois) [potion of mutation]
  2019 | D:3      | Reached XP level 4. HP: 35/36 MP: 4/4
  2022 | D:3      | XOM: snakes to sticks
  2024 | D:3      | XOM: potion effect (brilliance)
  2026 | D:3      | XOM: confuse monster(s)
  2064 | D:3      | Reached skill level 4 in Axes
  2064 | D:3      | Reached skill level 1 in Stealth
  2143 | D:3      | XOM: noise
  2281 | D:3      | Reached XP level 5. HP: 42/42 MP: 5/5
  2292 | D:3      | Found an ornate altar of the Wu Jian Council.
  2512 | D:3      | XOM: swap monsters
  2577 | D:3      | Noticed a centaur
  2588 | D:3      | Slain by a centaur

Illustrated notes

Levels and vault maps discovered:
D:1:      saegor_arrival_simple_d, layout_loops_ring,
          nicolae_ashenzari_panopticon
D:2:      layout_basic, nemelex_xobeh_ov_fountains_minmay,
          gammafunk_temple_overflow_pools
D:3:      layout_loops_cross, lemuel_coloured_pillars_altar,
          nzn_wu_jian_contemplation

Skill      XL: |  1  2  3  4 |
---------------+-------------+-----
Axes           | 3 4 |  4.2
Armour         | 2 |  2.4
Dodging        | 1 |  1.8
Stealth        | 1 |  1.5
Fighting       | |  3.9

Action                   |  1- 3 |  4- 6 || total
-------------------------+-------+-------++-------
Melee: Hand axe          |   128 |    69 ||   197
       Dagger            |     5 |       ||     5
  Use: Scroll            |     3 |       ||     3
       Potion            |     6 |     2 ||     8
 Stab: Paralysed         |     5 |       ||     5
       Sleeping          |     1 |     1 ||     2
Armor: Leather armour    |    73 |    32 ||   105
       Skin              |       |     6 ||     6
Dodge: Dodged            |   116 |    41 ||   157

Table legend: (Time is in decaauts)
 A = Elapsed time spent in this place.
 B = Non-inter-level travel time spent in this place.
 C = Inter-level travel time spent in this place.
 D = Time resting spent in this place.
 E = Time spent auto-exploring this place.
 F = Levels seen in this place.
 G = Mean time per level.
                   A        B        C        D        E       F      G
               +--------+--------+--------+--------+--------+-----+--------+
         Total |   2591 |   2548 |     43 |     90 |   1943 |   3 |  863.7 |
       Dungeon |   2591 |   2548 |     43 |     90 |   1943 |   3 |  863.7 |
               +--------+--------+--------+--------+--------+-----+--------+

Top non-repeatable levels by time:
     D:1: 1038 daAuts
     D:2: 880 daAuts
     D:3: 672 daAuts
